Map: Dusk Towers

Players

Strappy - Winner!

  • Race: Terran Terran
  • League: Silver
  • Spawn Location: 1:00

Fropez

  • Race: Protoss Protoss
  • League: Silver
  • Spawn Location: 7:00

VOD

Have the link to the VOD?

Description

Time

  • Played on: May 18, 2016, 9:59 a.m.
  • Length: 33:39
Show
View Real Time Build Order
Export as new Build Order

Strappy Terran - Winner!

Build Orders:  

Get SALT Encoding   

  12  0:01  SCV  
  13  0:13  SCV  
  14  0:25  SCV  
  15  0:41  Supply Depot  
  15  0:49  Refinery  
  15  1:03  SCV  
  16  1:13  Barracks  
  16  1:15  SCV  
  16  1:16  Supply Depot  
  17  1:21  Barracks  
  17  1:37  SCV  
  18  1:49  SCV  
  19  2:03  Marine  
  20  2:09  Barracks  
  20  2:15  Factory  
  20  2:21  Marine  
  21  2:34  Marine  
  22  2:39  Marine, Refinery  
  23  2:45  SCV, Bunker  
  23  2:48  Engineering Bay  
  24  2:52  Marine  
  24  2:57  Marine  
  26  3:00  Factory Tech Lab  
  26  3:06  SCV  
  27  3:13  Marine x2  
  29  3:35  Missile Turret  
  29  3:40  SCV  
  30  3:50  Marine  
  31  4:01  Supply Depot  
  31  4:07  Supply Depot  
  31  4:19  Orbital Command  
  31  4:22  Marine x2  
  31  4:23  Siege Tank  
  36  4:41  Barracks Tech Lab  
  36  4:42  Barracks Reactor  
  36  4:48  SCV  
  37  4:56  Command Center  
  37  5:04  Siege Tank  
  40  5:08  Stimpack  
  40  5:09  SCV  
  41  5:16  Supply Depot  
  41  5:18  Marine  
  41  5:19  Marine  
  43  5:22  Marine  
  44  5:35  Missile Turret  
  44  5:38  SCV  
  44  5:42  Starport  
  45  5:50  SCV  
  46  6:02  SCV  
  47  6:08  Barracks Reactor  
  47  6:09  Orbital Command  
  47  6:14  Marine, SCV  
  47  6:15  Marine x2  
  51  6:24  Starport Reactor, Missile Turret  
  51  6:29  Supply Depot  
  51  6:32  Marine  
  52  6:33  Marine  
  52  6:37  Siege Tank  
  56  6:41  SCV  
  57  6:48  Terran Infantry Weapons Level 1  
  57  6:51  SCV  
  57  6:52  Supply Depot  
  58  7:00  Missile Turret  
  58  7:03  SCV  
  58  7:04  Medivac x2  
  58  7:06  SCV  
  64  7:15  SCV  
  65  7:18  SCV, Missile Turret  
  65  7:20  Refinery  
  66  7:30  Supply Depot  
  66  7:32  SCV  
  66  7:34  Viking x2  
  66  7:35  SCV  
  72  7:40  Marine  
  72  7:41  Marine x3  
  76  7:47  SCV  
  76  7:48  SCV  
  76  7:50  Starport  
  78  8:05  Marine  
  78  8:06  Marine x4  
  76  8:23  Marine x2  
  76  8:24  Marine x2  
  76  8:26  Marine  
  81  8:33  Starport Tech Lab  
  81  8:36  SCV  
  81  8:41  Marine x3  
  82  8:42  Marine, Terran Infantry Armor Level 1  
  82  8:44  Marine  
  82  8:46  Refinery  
  87  8:48  SCV  
  87  8:52  Medivac x2  
  87  8:53  High Capacity Fuel Tanks  
  92  8:59  Marine x2  
  94  9:10  Supply Depot  
  94  9:11  Supply Depot  
  94  9:15  Missile Turret  
  94  9:32  Marine x5, SCV x2  
  94  9:35  Missile Turret  
  101  9:44  SCV x2, Medivac x2  
  107  9:49  Marine x3  
  110  10:02  Supply Depot  
  110  10:03  Supply Depot  
  110  10:06  Supply Depot  
  110  10:08  Supply Depot  
  110  10:23  Marine x5, SCV, Siege Tank  
  102  10:41  Marine x5  
  92  10:49  Missile Turret  
  92  10:55  Command Center  
  92  10:59  Marine x5  
  92  11:03  Barracks  
  92  11:04  Armory, Building Armor  
  97  11:09  Supply Depot  
  97  11:13  Explosive Shrapnel Shells  
  97  11:14  Supply Depot  
  97  11:16  Marine x4  
  101  11:23  Marine  
  102  11:31  SCV  
  103  11:34  Marine x4  
  107  11:41  Marine  
  107  11:43  SCV  
  109  11:54  Supply Depot  
  109  11:55  SCV  
  109  11:59  Supply Depot  
  109  12:01  Barracks Reactor  
  110  12:07  Barracks  
  110  12:14  Terran Vehicle Weapons Level 1  
  110  12:15  Supply Depot  
  110  12:21  Marine  
  110  12:22  Marine x4  
  113  12:39  Marine x4  
  113  12:40  Marine  
  113  12:49  Missile Turret  
  113  12:53  Missile Turret  
  113  13:03  Command Center  
  113  13:07  Planetary Fortress  
  113  13:10  Missile Turret  
  113  13:14  Missile Turret  
  113  13:18  Marine  
  113  13:19  Marine x4, Barracks Reactor  
  118  13:33  Missile Turret  
  118  13:36  Command Center  
  118  13:44  Marine  
  118  13:45  Marine x6  
  125  13:59  Viking x2  
  125  14:00  Viking  
  125  14:02  Marine  
  132  14:03  Marine x4  
  132  14:07  SCV  
  137  14:14  Missile Turret  
  137  14:15  Marine  
  137  14:16  Marine x3  
  141  14:19  SCV  
  141  14:20  Marine  
  141  14:21  Marine x3  
  145  14:31  SCV  
  124  14:43  SCV  
  123  14:55  SCV  
  112  15:11  Marine  
  112  15:12  Marine x8  
  112  15:22  Orbital Command  
  112  15:29  Marine x3  
  112  15:30  Marine x6  
  121  15:47  Marine x5  
  121  15:48  Marine x3  
  129  15:52  Orbital Command  
  129  15:53  Marine  
  130  15:57  Terran Ship Weapons Level 1  
  130  16:04  Marine  
  130  16:05  Marine x7  
  130  16:11  Marine, SCV  
  140  16:21  Orbital Command  
  140  16:22  Marine  
  140  16:23  Marine x7, SCV  
  149  16:29  Marine  
  150  16:35  SCV  
  151  16:40  Marine  
  151  16:41  Marine x7  
  151  16:43  Supply Depot, Terran Infantry Weapons Level 2  
  151  16:45  Supply Depot  
  151  16:46  Marine  
  160  16:58  Marine x2  
  160  16:59  Marine x4  
  120  17:41  Medivac x3  
  117  17:53  Marine x4  
  117  17:54  Marine x5  
  121  18:11  Marine x7, Medivac  
  121  18:12  Marine x2  
  132  18:16  Missile Turret  
  132  18:17  SCV, Missile Turret  
  133  18:28  Marine, Refinery  
  133  18:29  Marine x4, SCV  
  133  18:30  SCV  
  133  18:32  Command Center  
  133  18:34  Medivac x2  
  142  18:35  Marine  
  142  18:36  Marine x3  
  142  18:41  SCV  
  148  18:42  SCV  
  148  18:46  Marine  
  148  18:47  Marine x4  
  144  18:53  Marine  
  144  18:54  Marine x2  
  122  19:01  Siege Tank  
  121  19:04  Marine  
  121  19:05  Marine x5  
  127  19:11  Marine  
  127  19:12  Marine x2  
  130  19:17  Missile Turret x2  
  130  19:20  SCV  
  130  19:22  Marine  
  130  19:23  Marine x5, Refinery  
  137  19:26  Terran Ship Weapons Level 2  
  137  19:29  Marine x3  
  140  19:32  SCV  
  140  19:33  Siege Tank  
  144  19:46  Marine x6  
  144  19:47  Marine  
  144  19:50  Viking  
  144  19:51  Viking x2  
  157  19:58  Refinery  
  157  20:04  SCV  
  157  20:05  Siege Tank  
  161  20:16  SCV  
  161  20:20  Viking  
  161  20:21  Viking  
  166  20:28  SCV  
  167  20:41  Armory, Terran Infantry Armor Level 2  
  167  20:43  Engineering Bay  
  167  20:51  Marine x8  
  167  20:52  Marine  
  167  20:54  Viking, Medivac x2  
  182  21:00  Planetary Fortress  
  182  21:08  Marine  
  182  21:09  Marine x8  
  191  21:13  Refinery  
  191  21:24  Viking  
  193  21:26  Marine  
  193  21:27  Marine x3  
  170  22:10  Marine x6  
  170  22:11  Marine x3  
  174  22:16  Starport  
  174  22:17  Viking x3  
  172  22:27  Marine  
  172  22:28  Marine x7  
  172  22:29  Marine  
  159  22:45  Marine  
  159  22:46  Marine x2  
  159  22:47  Viking x3  
  168  23:01  Orbital Command  
  168  23:15  Marine  
  168  23:16  Marine x2  
  168  23:17  Viking x3  
  177  23:34  Marine x3  
  177  23:35  Marine x6  
  177  23:39  Starport Reactor  
  186  23:43  Terran Infantry Weapons Level 3  
  186  23:44  Terran Ship Weapons Level 3  
  186  23:46  Terran Vehicle Weapons Level 2  
  186  23:47  Viking x3  
  192  23:48  Terran Infantry Armor Level 3  
  192  23:59  SCV  
  193  24:10  Missile Turret  
  193  24:12  Missile Turret  
  193  24:17  Marine  
  193  24:18  Marine x6  
  200  25:06  Missile Turret  
  163  25:28  Marine  
  163  25:29  Marine x8  
  169  25:39  Missile Turret  
  169  25:46  Marine  
  169  25:47  Marine x8  
  169  25:49  Orbital Command  
  169  26:04  Marine x2  
  171  26:40  Marine  
  171  26:41  Marine x8  
  180  26:58  Marine  
  180  26:59  Marine x8, Hi-Sec Auto Tracking  
  189  27:02  Terran Vehicle Weapons Level 3  
  189  27:03  Terran Vehicle And Ship Armor Level 1  
  181  27:16  Marine  
  181  27:17  Marine x4  
  183  27:29  Orbital Command  
  179  27:54  Marine  
  179  27:55  Marine x7  
  179  27:56  Marine  
  188  28:12  Marine  
  188  28:13  Marine x8  
  188  28:30  Marine  
  188  28:31  Marine x5  
  162  28:49  Command Center  
  145  29:48  Marine x5  
  145  29:49  Marine x4  
  145  30:05  Marine  
  145  30:06  Marine x4  
  133  31:43  Orbital Command  
  133  32:06  Orbital Command  
  129  32:13  SCV  
  127  32:26  SCV  
  127  32:27  Marine  
  127  32:28  Marine x6  
  135  32:49  Medivac x3  
  135  32:51  Marine x6  
  142  32:52  Marine x2  
Show
View Real Time Build Order
Export as new Build Order

Fropez Protoss 

Build Orders:  

Get SALT Encoding   

  13  0:07  Probe (Chrono Boost)  
  13  0:17  Pylon  
  13  0:25  Probe (Chrono Boost)  
  14  0:29  Assimilator  
  14  0:40  Probe (Chrono Boost)  
  15  0:48  Gateway  
  15  0:52  Probe (Chrono Boost)  
  16  1:02  Probe (Chrono Boost)  
  17  1:07  Gateway  
  17  1:18  Probe (Chrono Boost)  
  18  1:33  Probe (Chrono Boost)  
  18  1:39  Assimilator  
  19  1:45  Pylon  
  19  1:55  Cybernetics Core  
  19  2:00  Probe (Chrono Boost)  
  20  2:12  Gateway  
  20  2:14  Probe (Chrono Boost)  
  21  2:24  Probe (Chrono Boost)  
  22  2:33  Stalker  
  22  2:34  Stalker  
  22  2:35  Probe (Chrono Boost)  
  27  2:42  Warp Gate (Chrono Boost)  
  27  2:45  Probe (Chrono Boost)  
  27  2:59  Stalker  
  29  3:08  Pylon  
  29  3:10  Probe (Chrono Boost)  
  30  3:16  Pylon  
  30  3:21  Probe (Chrono Boost)  
  31  3:27  Stalker  
  31  3:31  Probe (Chrono Boost)  
  34  3:35  Stalker  
  36  3:54  Twilight Council  
  36  4:01  Probe (Chrono Boost)  
  36  4:02  Forge  
  37  4:06  Pylon  
  37  4:12  Probe (Chrono Boost)  
  39  4:27  Pylon  
  39  4:30  Mothership Core  
  40  4:32  Blink (Chrono Boost)  
  40  4:35  Protoss Ground Weapons Level 1 (Chrono Boost)  
  40  5:03  Probe  
  41  5:13  Robotics Facility  
  41  5:14  Stalker x2  
  41  5:15  Pylon  
  41  5:16  Pylon  
  45  5:37  Pylon  
  45  5:46  Nexus  
  45  5:49  Assimilator  
  45  5:53  Assimilator  
  45  5:57  Pylon  
  45  6:01  Observer  
  46  6:09  Stalker x2  
  50  6:23  Observer  
  51  6:28  Protoss Ground Weapons Level 2 (Chrono Boost)  
  51  6:33  Gateway  
  51  6:36  Probe, Gateway  
  51  7:24  Immortal  
  55  7:36  Probe  
  55  7:37  Probe, Robotics Facility  
  56  7:39  Pylon  
  57  7:48  Probe  
  57  7:49  Probe  
  59  7:53  Stalker  
  61  8:04  Immortal  
  51  8:25  Immortal  
  56  8:34  Probe x2  
  56  8:37  Protoss Ground Weapons Level 3 (Chrono Boost)  
  57  8:43  Immortal  
  57  8:45  Probe, Stalker x2  
  57  8:46  Probe  
  67  8:59  Probe x2  
  69  9:04  Observer  
  70  9:12  Stalker x2  
  70  9:16  Probe  
  74  9:17  Probe  
  74  9:21  Warp Prism  
  78  9:26  Probe  
  78  9:29  Probe  
  80  9:36  Photon Cannon  
  80  9:39  Probe  
  80  9:42  Probe  
  82  9:47  Photon Cannon  
  82  9:52  Immortal  
  86  9:53  Pylon  
  86  10:08  Probe  
  86  10:09  Probe  
  88  10:28  Stalker x5  
  76  10:51  Probe  
  77  10:57  Nexus  
  77  10:59  Assimilator  
  77  11:00  Assimilator  
  77  11:05  Probe  
  78  11:15  Probe  
  79  11:26  Probe  
  79  11:29  Protoss Ground Armor Level 1 (Chrono Boost)  
  80  11:38  Immortal  
  80  11:39  Immortal  
  88  11:40  Probe  
  89  11:52  Probe  
  90  12:04  Probe  
  90  12:07  Probe  
  92  12:16  Probe  
  92  12:17  Immortal  
  97  12:47  Probe  
  97  12:48  Probe  
  99  12:57  Probe  
  99  13:00  Probe  
  101  13:05  Stargate  
  101  13:07  Stargate  
  101  13:08  Pylon, Stargate  
  101  13:10  Probe  
  101  13:12  Probe  
  103  13:26  Nexus  
  103  13:28  Probe  
  103  13:29  Probe, Assimilator  
  103  13:33  Assimilator  
  105  13:34  Protoss Ground Armor Level 2 (Chrono Boost)  
  105  13:35  Protoss Air Weapons Level 1  
  105  13:36  Pylon  
  105  13:39  Pylon  
  105  13:40  Pylon  
  105  13:44  Pylon  
  105  13:51  Probe  
  105  13:52  Probe  
  107  13:57  Pylon  
  107  14:00  Fleet Beacon  
  107  14:01  Probe  
  107  14:03  Pylon  
  107  14:06  Immortal x2  
  116  14:20  Pylon  
  116  14:22  Pylon  
  116  14:23  Probe x2  
  102  14:33  Stalker x4  
  102  14:34  Stalker  
  94  15:09  Probe  
  94  15:11  Probe  
  90  15:16  Stalker  
  92  15:46  Pylon  
  91  15:51  Probe x2  
  93  16:01  Probe  
  94  16:11  Tempest  
  98  16:24  Tempest  
  102  16:32  Probe  
  102  16:33  Probe  
  104  16:43  Probe  
  109  16:53  Protoss Air Armor Level 1  
  109  16:55  Probe x2  
  113  17:29  Tempest  
  109  17:30  Stalker  
  109  17:31  Stalker x2  
  104  17:51  Probe  
  104  17:53  Nexus, Probe, Pylon  
  104  17:57  Tempest  
  106  18:03  Probe x2  
  108  18:14  Probe  
  108  18:15  Probe  
  110  18:25  Probe  
  111  18:27  Probe  
  108  18:59  Probe  
  109  19:20  Nexus  
  109  19:24  Assimilator  
  109  19:26  Assimilator, Tempest  
  113  19:36  Probe  
  113  19:37  Probe  
  115  19:44  Tempest  
  119  19:47  Probe  
  120  19:53  Probe  
  120  19:59  Probe  
  122  20:10  Tempest  
  125  20:28  Probe  
  125  20:30  Probe  
  125  20:35  Tempest  
  131  21:08  Tempest  
  131  21:09  Tempest  
  139  21:11  Probe  
  139  21:12  Probe  
  141  21:29  Probe  
  141  21:30  Probe  
  141  21:31  Nexus  
  143  21:35  Assimilator  
  143  21:39  Assimilator  
  139  21:52  Pylon  
  133  22:07  Pylon  
  133  22:09  Pylon  
  133  22:14  Pylon  
  129  22:39  Probe  
  129  22:40  Probe  
  129  22:43  Probe  
  127  22:50  Probe  
  128  22:54  Tempest x2  
  137  23:09  Probe  
  137  23:10  Probe  
  139  23:13  Tempest  
  139  23:14  Pylon  
  139  23:18  Pylon  
  143  23:32  Probe  
  143  23:33  Probe  
  144  23:37  Tempest  
  149  23:46  Probe x2  
  151  23:50  Tempest  
  155  23:56  Tempest  
  159  24:04  Nexus  
  159  24:06  Assimilator  
  159  24:11  Assimilator  
  159  24:13  Pylon  
  159  24:16  Pylon  
  159  24:24  Probe x2  
  161  24:33  Probe  
  161  24:34  Probe x2  
  164  24:46  Dark Shrine  
  164  24:53  Gateway  
  164  24:55  Gateway  
  164  24:57  Gateway  
  132  25:47  Protoss Air Weapons Level 2 (Chrono Boost)  
  132  25:53  Tempest x2  
  132  25:55  Tempest  
  144  26:14  Gateway  
  144  26:16  Gateway  
  144  26:17  Gateway  
  144  26:24  Gateway x2  
  144  26:28  Gateway x2  
  144  26:36  Tempest x2  
  152  26:59  Tempest  
  156  27:03  Probe x2  
  150  27:53  Zealot x8  
  150  27:54  Zealot x4  
  174  27:58  Protoss Air Armor Level 2 (Chrono Boost)  
  174  28:02  Charge  
  140  28:42  Pylon  
  140  28:44  Pylon  
  130  29:16  Dark Templar x8  
  130  29:17  Dark Templar x4  
  109  29:54  Zealot x3  
  109  29:55  Zealot x6  
  109  29:56  Zealot x2  
  109  29:57  Zealot  
  85  30:32  Nexus  
  85  30:35  Assimilator  
  77  30:41  Assimilator  
  77  30:44  Pylon  
  77  30:46  Pylon  
  77  30:49  Pylon  
  77  30:51  Pylon  
  72  31:57  Gateway  
  72  31:59  Gateway  
  72  32:02  Gateway  
  72  32:04  Gateway  
  72  32:06  Gateway  
  72  32:07  Gateway  
  50  33:25  Zealot x5  
Tags
 
Matchup
PvT
Replay Pack
All Mines
Spawn Locations
Cross Positions
Add a new tag
Caveats
  • Supply blocks, unpowered buildings, or Contaminate may cause inaccurate times.
  • Supply counts are checked every 10 seconds.